 Dungeon Crawl Stone Soup version 0.20-a0-839-gdaf5c57 (webtiles) character file.

2979 George the Carver (level 9, -4/78 HPs)
             Began as a Minotaur Fighter on Mar 8, 2017.
             Was a Believer of Wu Jian.
             Killed by the air
             ... invoked by Gastronok
              (16 damage)
             ... on level 8 of the Dungeon.
             The game lasted 00:13:46 (7502 turns).

George the Carver (Minotaur Fighter)                Turns: 7502, Time: 00:13:47

Health: -4/78      AC: 14    Str: 23    XL:     9   Next: 53%
Magic:  8/8        EV:  7    Int:  5    God:    Wu Jian [**....]
Gold:   250        SH: 11    Dex: 11    Spells: 0/8 levels left

rFire    . . .     SeeInvis .   a - +0 long sword
rCold    . . .     Gourm    .   t - +0 plate armour
rNeg     . . .     Faith    .   c - +0 shield
rPois    .         Spirit   .   o - +0 hat
rElec    .         Reflect  .   (no cloak)
rCorr    .         Harm     .   l - +0 pair of gloves
MR       .....                  (no boots)
Stlth    ..........             s - amulet of rage
Regen    0.3/turn               (no ring)
MPRegen  0.2/turn               (no ring)

@: no status effects
A: retaliatory headbutt, horns 2
a: Renounce Religion, Evoke Berserk Rage


You were on level 8 of the Dungeon.
You worshipped Wu Jian.
Wu Jian was pleased with you.
You were hungry.

You visited 2 branches of the dungeon, and saw 9 of its levels.

You collected 250 gold pieces.

Inventory:

Hand Weapons
 a - a +0 long sword (weapon)
Missiles
 F - 2 throwing nets (quivered)
Armour
 c - a +0 shield (worn)
 l - a +0 pair of gloves (worn)
 o - a +0 hat (worn)
 t - a +0 plate armour (worn)
Jewellery
 s - an amulet of rage (around neck)
Wands
 v - a wand of flame (6/48)
 B - a wand of paralysis (17/24)
Scrolls
 e - 7 scrolls of remove curse
 g - 4 scrolls of fog {unknown}
 m - 2 scrolls of teleportation {unknown}
 n - 3 scrolls of identify
 q - 4 scrolls of enchant weapon {unknown}
 u - 4 scrolls of enchant armour {unknown}
 y - a scroll of magic mapping {unknown}
 A - a scroll of recharging {unknown}
 E - a scroll of fear
Potions
 b - a potion of haste
 i - a potion of ambrosia
 j - 3 potions of heal wounds
 k - a potion of curing
 r - a potion of mutation
 w - 2 potions of flight {unknown}
 x - a potion of berserk rage {unknown}
 C - a potion of magic {unknown}
Comestibles
 d - 4 royal jellies
 f - 10 bread rations
 p - 7 meat rations
 z - 6 fruits


   Skills:
 + Level 6.9 Fighting
 + Level 10.3 Long Blades
 + Level 7.2 Armour
 + Level 5.5 Dodging
 + Level 7.1 Shields


You couldn't memorise any spells.
You knew the following spells:

 Your Spells              Type           Power        Failure   Level  Hunger
a - Song of Slaying       Chrm           #.......     100%        2    ###....
b - Regeneration          Chrm/Necr      #.........   100%        3    ####...
c - Spectral Weapon       Hex/Chrm       #.......     100%        3    ####...


Dungeon Overview and Level Annotations

Branches:
Dungeon (8/15)             Temple (1/1) D:6
   Lair: D:8-11

Altars:
Ashenzari
Dithmenos
Elyvilon
Fedhas
Gozag
Hepliaklqana
Kikubaaqudgha
Makhleb
Nemelex Xobeh
Okawaru
Qazlal
Ru
Sif Muna
Trog
Uskayaw
Vehumet
Wu Jian
Xom
Yredelemnul
Zin
The Shining One

Annotations:
D:8 Gastronok


Innate Abilities, Weirdness & Mutations

You reflexively headbutt those who attack you in melee.
You have a pair of horns on your head.


Message History

You spin and attack Gastronok.
You slash Gastronok!
Gastronok is moderately wounded.
Gastronok bites you but does no damage.
You spin and attack Gastronok.
You hit Gastronok. You headbutt Gastronok!
Gastronok is moderately wounded.
You spin and attack Gastronok.
You are feeling hungry.
You hit Gastronok but do no damage.
Gastronok is moderately wounded.
Gastronok bites you but does no damage.
You spin and attack Gastronok.
You slash Gastronok!
Gastronok is moderately wounded.
You spin and attack Gastronok.
You slash Gastronok! You headbutt Gastronok!
Gastronok is heavily wounded.
Gastronok waves his eye-stalks in wide circles.
The air twists around and strikes you!
* * * LOW HITPOINT WARNING * * *
Gastronok waves his eye-stalks in wide circles.
The air twists around and strikes you!
You die...

##.# ### ##.# #. .......
#<# ##.# .##.#.#.# #.#
...# ...#.#.# #.#
.#.####.#..#.#.# #.#
........#..#.#.# #.#
.#.######..#.#.# #.#
........#....#.#####.#
.#####.##.......@....#
............w..#######
######.##.#.####
######.##.#...#
.......##.#.#w#
.......##.#.#.#
.......##.#.#.###########
.......##.#.............#
...†..###.#.#.#########.#


You could see Gastronok.

Vanquished Creatures
  The ghost of Voxish the Bolt Thrower, a novice KoAM of Makhleb (D:3)
  Menkaure (D:6)
  The ghost of anet the Magician, an amateur DEWz (D:5)
  3 orc warriors
  An ice beast (D:5)
  3 phantoms
  4 sky beasts
  2 ogres
  A centaur (D:5)
  2 bullfrogs (D:6)
  6 scorpions
  A wyvern skeleton (D:6)
  A crimson imp (D:6)
  A quasit (D:8)
  2 hounds
  2 bullfrog skeletons
  3 orc priests
  7 orc wizards
  A gnoll shaman (D:8)
  A centaur skeleton (D:5)
  An iguana (D:5)
  2 worker ants (D:8)
  2 hound skeletons
  A howler monkey zombie (D:8)
  6 adders
  An adder zombie (D:7)
  3 adder skeletons
  A worm (D:3)
  2 dart slugs
  2 leopard geckos (D:2)
  30 orcs
  2 ball pythons (D:4)
  7 bats
  6 giant cockroaches
  8 goblins
  8 hobgoblins
  7 jackals
  A quokka (D:2)
  4 frilled lizards
  8 kobolds
  A quokka zombie (D:5)
  5 rats
152 creatures vanquished.

Notes
Turn   | Place    | Note
-------+----------+-------------------------------------------
     0 | D:1      | George the Minotaur Fighter began the quest for the Orb.
     0 | D:1      | Reached XP level 1. HP: 19/19 MP: 0/0
    98 | D:1      | Reached skill level 3 in Long Blades
   101 | D:1      | Reached XP level 2. HP: 16/26 MP: 1/1
   688 | D:1      | Reached skill level 4 in Long Blades
   689 | D:1      | Found a deep blue altar of Sif Muna.
  1339 | D:2      | Reached XP level 3. HP: 31/31 MP: 2/2
  1524 | D:2      | Found an ornate altar of the Wu Jian Council.
  1528 | D:2      | Found a radiant altar of Vehumet.
  1531 | D:2      | Found a shimmering altar of Xom.
  1602 | D:2      | Reached skill level 5 in Long Blades
  2007 | D:2      | Found a white marble altar of Elyvilon.
  2200 | D:3      | Reached XP level 4. HP: 39/39 MP: 3/3
  2256 | D:3      | Noticed Voxish's ghost (novice KoAM)
  2732 | D:3      | Killed Voxish's ghost
  2732 | D:3      | Reached skill level 7 in Long Blades
  2732 | D:3      | Reached XP level 5. HP: 41/45 MP: 4/4
  2732 | D:3      | Reached XP level 6. HP: 47/51 MP: 5/5
  2737 | D:3      | Reached skill level 8 in Long Blades
  2988 | D:2      | Became a worshipper of the Wu Jian Council
  3154 | D:3      | Found a sparkling altar of Nemelex Xobeh.
  3154 | D:3      | Found a basalt altar of Yredelemnul.
  3385 | D:4      | Found a stormy altar of Qazlal.
  3385 | D:4      | Found a glowing golden altar of the Shining One.
  3541 | D:4      | Reached skill level 1 in Dodging
  3541 | D:4      | Reached XP level 7. HP: 44/58 MP: 6/6
  3936 | D:5      | Entered Level 5 of the Dungeon
  3977 | D:5      | Found a radiant altar of Vehumet.
  4080 | D:5      | Reached skill level 9 in Long Blades
  4185 | D:5      | Reached * piety under Wu Jian
  4261 | D:5      | Reached skill level 5 in Armour
  4281 | D:5      | Reached XP level 8. HP: 7/67 MP: 7/7
  4719 | D:5      | Reached skill level 5 in Shields
  4725 | D:5      | Found an ancient bone altar of Kikubaaqudgha.
  4776 | D:5      | Reached skill level 5 in Fighting
  4790 | D:5      | Noticed anet's ghost (amateur DEWz)
  4802 | D:5      | Killed anet's ghost
  5644 | D:6      | Found a staircase to the Ecumenical Temple.
  5660 | D:6      | Noticed Menkaure
  5662 | D:6      | Killed Menkaure
  5666 | Temple   | Entered the Ecumenical Temple
  5866 | D:6      | Reached XP level 9. HP: 75/75 MP: 8/8
  5966 | D:6      | Found a burning altar of Makhleb.
  6300 | D:7      | Identified Sif Muna's Catalogue of Dislocation and Shape Shifting
  6333 | D:7      | Found a blossoming altar of Fedhas.
  6420 | D:7      | Reached skill level 10 in Long Blades
  6420 | D:7      | Reached skill level 5 in Dodging
  6885 | D:7      | Found a blossoming altar of Fedhas.
  6887 | D:7      | Found an ancient bone altar of Kikubaaqudgha.
  6942 | D:7      | Found a deep blue altar of Sif Muna.
  7191 | D:7      | Learned a level 2 spell: Song of Slaying
  7195 | D:7      | Learned a level 3 spell: Regeneration
  7199 | D:7      | Learned a level 3 spell: Spectral Weapon
  7295 | D:8      | Reached ** piety under Wu Jian
  7471 | D:8      | Noticed Gastronok
  7502 | D:8      | Killed from afar by Gastronok

Vault maps used:
D:1:      minmay_arrival_nine_rooms, kennysheep_flooded_box
D:2:      lemuel_round_altar, nicolae_overflow_hidden_temple, st_stairs_9
D:3:      gammafunk_temple_overflow_elements, first_bread
D:4:      amethyst_overflow_temple_binary
D:5:      basic_altar, minmay_misc_feat_diagonals, vehumet_altar_wand_db
D:6:      kennysheep_six_static_rooms, makhleb_grotto_becter,
          minmay_temple_entry_hall, uniq_menkaure
D:7:      grunt_temple_overflow_growth_and_decay, lemuel_round_altar,
          basic_altar, grunt_ogre_cave
D:8:      bloody_trog, uniq_grum, uniq_gastronok
Temple:   nicolae_temple_figure_zero

Skill      XL: |  1  2  3  4  5  6  7  8  9 |
---------------+----------------------------+-----
Long Blades    | 3 4 5 7 8 9 10 | 10.3
Dodging        | 1 2 4 5 |  5.5
Shields        | 4 6 7 |  7.1
Armour         | 5 6 7 |  7.2
Fighting       | 4 6 |  6.9

Action                   |  1- 3 |  4- 6 |  7- 9 || total
-------------------------+-------+-------+-------++-------
Melee: Long sword        |    83 |   106 |   366 ||   555
       Headbutt          |    13 |    16 |    64 ||    93
  Use: Scroll            |       |     4 |     4 ||     8
       Potion            |       |     2 |     1 ||     3
 Stab: Confused          |       |       |     2 ||     2
  Eat: Chunk             |     4 |     4 |    13 ||    21
Armor: Scale mail        |    17 |       |       ||    17
       Chain mail        |    13 |    53 |    79 ||   145
       Plate armour      |       |       |    31 ||    31
Dodge: Dodged            |    24 |    15 |    64 ||   103
Block: Shield            |    41 |    56 |   137 ||   234
       Rpst.: Long sword |     7 |     2 |    23 ||    32
